 Dungeon Crawl Stone Soup version 0.31-a0-329-g52107efa6a (webtiles) character file.

Game seed: 11846894646217711618

34617 BritishOli the Fighter (level 13, -3/105 (106) HPs)
             Began as a Demonspawn Fighter on July 19, 2023.
             Was a Priest of Makhleb.
             Slain by a 15-headed hydra (6 damage)
             ... on level 4 of the Lair of Beasts.
             The game lasted 00:35:23 (15916 turns).

BritishOli the Fighter (Demonspawn Fighter)        Turns: 15916, Time: 00:35:24

HP:   -3/105 (106)  AC: 30    Str: 27    XL:     13   Next: 43%
MP:   13/13         EV:  9    Int:  9    God:    Makhleb [***...]
Gold: 771           SH: 18    Dex: 14    Spells: 12/12 levels left

rFire   + . .        L - +4 long sword (venom)
rCold   + + .        f - +2 tower shield {reflect}
rNeg    + . .        O - +4 plate armour {rPois}
rPois   +            w - +1 helmet of Xutyskuretu {rC+}
rElec   .            r - +2 cloak
rCorr   .            o - +2 pair of gloves
SInv    .            W - +0 pair of boots
Will    .....        Y - amulet "Ytzoyxups" {Acrobat Harm rC+} Stlth
                     d - ring "Oju Rona" {rF+ rN+}
HPRegen 0.37/turn    G - +6 ring of strength
MPRegen 0.13/turn

%: harm (+30% outgoing, +20% incoming), reflection, acrobat
@: lightly drained
A: hooves 2, foul stench 2, sharp scales 1
a: Renounce Religion, Minor Destruction, Lesser Servant of Makhleb


You were on level 4 of the Lair of Beasts.
You worshipped Makhleb.
Makhleb was most pleased with you.
You visited 3 branches of the dungeon, and saw 17 of its levels.
You also visited: Gauntlet.

You collected 771 gold pieces.

Inventory:

Hand Weapons
 c - the +4 dagger of Eye-covered Integrity {freeze, rElec Int+5}
   (You found it in a Gauntlet)

   Int:       It affects your intelligence (+5).
   rElec:     It insulates you from electricity.
 L - a +4 long sword of venom (weapon)
 P - the +3 greatsling "Punk" {acid, rCorr}
   (You found it on level 8 of the Dungeon)

   rCorr:     It protects you from acid and corrosion.
 Q - the +5 quarterstaff "Jicroiq" {freeze, rC++}
   (You found it on level 8 of the Dungeon)

   rC:        It greatly protects you from cold.
Missiles
 j - 3 throwing nets
Armour
 e - the +2 leather armour of the Falcon {+Blink rF+ Int+3 Dex+4}
   (You found it in a Gauntlet)

   Int:       It affects your intelligence (+3).
   Dex:       It affects your dexterity (+4).
   rF:        It protects you from fire.
   +Blink:    It lets you blink.
 f - a +2 tower shield of reflection (worn)
 o - a +2 pair of gloves (worn)
 r - a +2 cloak (worn)
 w - the +1 helmet of Xutyskuretu (worn) {rC+}
   (You found it on level 5 of the Dungeon)

   rC:        It protects you from cold.
 C - the +0 ring mail "Igil" {Will- Int+8 SInv}
   (You found it on level 6 of the Dungeon)

   Int:       It affects your intelligence (+8).
   SInv:      It lets you see invisible.
   Will:      It decreases your willpower.
 M - the +3 leather armour of Virtue {Stlth+}
   (You found it on level 8 of the Dungeon)

   Stlth:     It makes you more stealthy.
 O - a +4 plate armour of poison resistance (worn)
 W - a +0 pair of boots (worn)
Jewellery
 d - the ring "Oju Rona" (left hand) {rF+ rN+}
   (You found it on level 8 of the Dungeon)

   [ring of positive energy]

   rF:        It protects you from fire.
   rN:        It protects you from negative energy.
 l - a ring of protection from cold
 G - a +6 ring of strength (right hand)
 K - the amulet "Locs" {Harm Regen+ MP+9}
   (You found it on level 3 of the Lair of Beasts)

   [amulet of regeneration]

   MP:        It affects your magic capacity (+9).
   Regen:     It increases your rate of health regeneration.
   Harm:      It increases damage dealt and taken.
 T - a ring of protection from fire
 V - the ring "Hiuduessi" {Ice Int-2 Dex+3}
   (You found it in a Gauntlet)

   [ring of ice]

   It enhances your ice magic.
   Int:       It affects your intelligence (-2).
   Dex:       It affects your dexterity (+3).
   rF:        It makes you vulnerable to fire.
   rC:        It protects you from cold.
 Y - the amulet "Ytzoyxups" (around neck) {Acrobat Harm rC+}
   (You found it in a Gauntlet)

   [amulet of the acrobat]

   It increases your evasion while moving and waiting.
   rC:        It protects you from cold.
   Harm:      It increases damage dealt and taken.
Wands
 b - a wand of paralysis (5)
 p - a wand of iceblast (11)
 s - a wand of digging (3)
 t - a wand of flame (78)
 x - a wand of polymorph (12)
 Z - a wand of mindburst (5)
Scrolls
 g - 2 scrolls of summoning
 m - 3 scrolls of acquirement
 v - 2 scrolls of silence
 y - a scroll of enchant weapon
 z - 2 scrolls of brand weapon
 A - 2 scrolls of teleportation
 B - 2 scrolls of enchant armour
 D - 6 scrolls of fear
 R - a scroll of fog {unknown}
Potions
 a - a potion of cancellation {unknown}
 h - 2 potions of might
 i - 3 potions of resistance {unknown}
 k - 2 potions of heal wounds {unknown}
 n - a potion of enlightenment {unknown}
 q - a potion of attraction {unknown}
 u - 2 potions of lignification {unknown}
 E - a potion of curing {unknown}
 F - 3 potions of degeneration {unknown}
 H - 3 potions of brilliance {unknown}
 I - 3 potions of invisibility {unknown}
 J - a potion of ambrosia
 X - 2 potions of mutation {unknown}
Miscellaneous
 N - a lightning rod (1/4)
 S - a phantom mirror


   Skills:
 + Level 11.5 Fighting
 + Level 10.3 Long Blades
 + Level 10.6 Armour
 + Level 7.2 Dodging
 + Level 10.6 Shields


You had 12 spell levels left.
You didn't know any spells.
Your spell library contained the following spells:

 Spells                   Type           Power      Damage    Failure   Level
 Summon Small Mammal      Summ           0%         N/A       100%        1
 Call Imp                 Summ           0%         N/A       100%        2
 Call Canine Familiar     Summ           0%         N/A       100%        3
 Ignite Poison            Fire/Tmut/Pois 0%         N/A       100%        3
 Inner Flame              Hex/Fire       0%         N/A       100%        3
 Portal Projectile        Hex/Tloc       0%         N/A       100%        3
 Vhi's Electric Charge    Tloc/Air       0%         N/A       100%        3
 Leda's Liquefaction      Hex/Erth       0%         N/A       100%        4
 Manifold Assault         Tloc           0%         N/A       100%        4
 Arcjolt                  Conj/Air       0%         1d10      100%        5
 Borgnjor's Vile Clutch   Necr/Erth      0%         N/A       100%        5
 Iskenderun's Battlesphe  Conj           0%         2d6       100%        5
 Summon Forest            Summ/Tloc      0%         N/A       100%        5
 Dispersal                Tloc           0%         N/A       100%        6
 Leda's Unmaking          Conj/Erth      0%         9d1       100%        6
 Haunt                    Necr/Summ      0%         N/A       100%        7
 Malign Gateway           Summ/Tloc      0%         N/A       100%        7
 Spellforged Servitor     Conj/Summ      0%         N/A       100%        7
 Disjunction              Tloc           0%         N/A       100%        8
 Lehudib's Crystal Spear  Conj/Erth      0%         10d2      100%        8
 Maxwell's Capacitive Co  Air            0%         ∞         100%        8


Dungeon Overview and Level Annotations

Branches:
Dungeon (12/15)            Temple (1/1) D:7            Lair (4/5) D:10
  Swamp (0/4) Lair:3        Snake (0/4) Lair:3      Gauntlet (visited)
  Slime: Lair:4-5       Orc: D:9-12

Altars:
Ashenzari
Cheibriados
Dithmenos
Fedhas
Gozag
Hepliaklqana
Kikubaaqudgha
Makhleb
Nemelex Xobeh
Okawaru
Qazlal
Ru
Sif Muna
Trog
Uskayaw
Vehumet
Wu Jian
Xom
Yredelemnul


Innate Abilities, Weirdness & Mutations

You have hoof-like feet.
You sometimes emit foul miasma when damaged in melee.
You are partially covered in razor-sharp scales. (AC +1, Slay +1)


Message History

The 15-headed hydra completely misses you.
The 15-headed hydra barely misses you.
The 15-headed hydra bites you but does no damage. x2
The 15-headed hydra bites you!
* * * LOW HITPOINT WARNING * * *
Aiming: Thunderbolt
Press: ? - help, Shift-Dir - straight line, f - 15-headed hydra
Aim: a 15-headed hydra (foul pestilence, heavily wounded, extremely poisoned)
The thunderbolt hits the fungus!!
The fungus begins to die.
The fungus is lightly damaged.
The thunderbolt hits the 15-headed hydra!
The 15-headed hydra is severely wounded.
You hear an angry hiss. x4; You hear a croak.
You hear a roar!
You hear an angry hiss. x2
The 15-headed hydra is engulfed in dark miasma.
The 15-headed hydra bites you!
* * * LOW HITPOINT WARNING * * *
You block the 15-headed hydra's attack.
The 15-headed hydra bites you but does no damage.
You block the 15-headed hydra's attack.
The 15-headed hydra bites you but does no damage.
The 15-headed hydra barely misses you.
The 15-headed hydra bites you but does no damage. x3
The 15-headed hydra bites you!
* * * LOW HITPOINT WARNING * * *
The 15-headed hydra bites you but does no damage. x3
You block the 15-headed hydra's attack.
The 15-headed hydra bites you but does no damage.
The 15-headed hydra attacks as you move away!
You block the 15-headed hydra's attack. x2
The 15-headed hydra barely misses you. You block the 15-headed hydra's attack.
The 15-headed hydra barely misses you.
The 15-headed hydra bites you but does no damage.
The 15-headed hydra bites you.
* * * LOW HITPOINT WARNING * * *
The 15-headed hydra bites you but does no damage.
You block the 15-headed hydra's attack. The 15-headed hydra closely misses you.
The 15-headed hydra bites you but does no damage. x2
The 15-headed hydra bites you.
You die...

#..##..#..#.....
#...........?$..
#...............
#.<.............
##..............
##.........?....
#...............
##..............
#....##@###....#
#.....D## ....#
##...P. ...#
#..... ..#
#....+. ..#
##...P# #.. .
#.. .


You could see a 15-headed hydra (extremely poisoned).

Vanquished Creatures
  A minotaur (Gauntlet)
  Harold (Lair:1)
  Erolcha (D:10)
  Fannar (Lair:1)
  A ghost crab (Lair:3)
  A centaur warrior (D:10)
  A catoblepas (Gauntlet)
  A boulder beetle (D:11)
  4 two-headed ogres
  A death yak (Lair:2)
  2 spectral hydras (Lair:3)
  A deep elf pyromancer (D:8)
  An ugly thing (D:11)
  2 black mambas
  Joseph (Lair:1)
  A manticore (D:10)
  2 torpor snails (Lair:2)
  A smoke demon (Gauntlet)
  3 gargoyles
  8 cane toads
  3 rime drakes
  2 unseen horrors
  7 komodo dragons
  A kobold demonologist (D:11)
  Maggie (D:10)
  2 trolls
  A polar bear (Lair:2)
  A hornet (D:9)
  A tyrant leech (Gauntlet)
  Prince Ribbit (D:7)
  7 dream sheep (Lair:3)
  A spectral dream sheep (Lair:3)
  5 blink frogs (Lair:2)
  A spectral lindwurm (Lair:3)
  A spriggan (Lair:2)
  A vampire (D:10)
  26 yaks
  2 wraiths
  4 wyverns
  Grum (Lair:1)
  3 basilisks
  A steam dragon (D:8)
  Menkaure (D:7)
  A spectral cane toad (Lair:3)
  5 vampire mosquitoes (D:11)
  3 nagas (Lair:3)
  2 swamp worms (Gauntlet)
  An acid dragon (D:10)
  8 water moccasins
  3 orc warriors
  A sky beast (D:7)
  2 ice beasts (D:7)
  2 black bears (D:7)
  13 wolves
  2 centaurs
  2 phantoms
  2 kobold brigands
  10 bullfrogs
  4 scorpions
  8 wights
  4 crimson imps (Gauntlet)
  4 hounds
  A jelly (D:5)
  A gnoll bouda (D:7)
  3 orc priests
  A sleepcap (D:6)
  Crazy Yiuf (D:3)
  Ijyb (D:3)
  4 iguanas
  11 gnolls
  4 adders
  2 white imps
  3 ufetubi
  3 worms
  4 dart slugs
  12 orcs
  8 endoplasms
  A giant cockroach (D:1)
  4 goblins
  11 hobgoblins
  6 jackals
  3 quokkas
  4 ball pythons
  5 bats
  3 frilled lizards (D:1)
  14 kobolds
  9 rats
305 creatures vanquished.

Vanquished Creatures (others)
  Sigmund (D:3)
  An orc wizard (D:4)
2 creatures vanquished.

Grand Total: 307 creatures vanquished

Notes
Turn   | Place    | Note
-------+----------+-------------------------------------------
     0 | D:1      | BritishOli the Demonspawn Fighter began the quest for the
                  | Orb.
     0 | D:1      | Reached XP level 1. HP: 18/18 MP: 1/1
   153 | D:1      | Gained mutation: You have large cloven feet. [demonic
                  | ancestry]
   153 | D:1      | Reached XP level 2. HP: 15/24 MP: 2/2
   662 | D:1      | Reached XP level 3. HP: 29/29 MP: 3/3
  1416 | D:2      | Noticed a phantom
  1432 | D:2      | Killed a phantom
  1433 | D:2      | Gained mutation: You may rarely emit foul miasma when
                  | damaged in melee. [demonic ancestry]
  1433 | D:2      | Reached XP level 4. HP: 14/37 MP: 4/4
  1743 | D:3      | Gained mutation: You sometimes emit foul miasma when
                  | damaged in melee. [demonic ancestry]
  1743 | D:3      | Reached XP level 5. HP: 24/42 MP: 5/5
  2102 | D:3      | Noticed Sigmund
  2119 | D:3      | Reached skill level 4 in Fighting
  2126 | D:3      | Killed Sigmund
  2127 | D:3      | Gained mutation: You are partially covered in razor-sharp
                  | scales. (AC +1, Slay +1) [demonic ancestry]
  2127 | D:3      | Reached XP level 6. HP: 10/49 MP: 6/6
  2608 | D:3      | Found a faded altar of an unknown god.
  2779 | D:3      | Noticed Ijyb
  2782 | D:3      | Killed Ijyb
  2949 | D:3      | Found a runed translucent door.
  2950 | D:3      | Noticed Crazy Yiuf
  2960 | D:3      | Killed Crazy Yiuf
  3236 | D:4      | Gained mutation: You have hoof-like feet. [demonic
                  | ancestry]
  3236 | D:4      | Reached XP level 7. HP: 36/55 MP: 7/7
  3653 | D:5      | Entered Level 5 of the Dungeon
  3744 | D:5      | Identified the +1 helmet of Xutyskuretu {rC+}
  3769 | D:5      | Reached skill level 5 in Fighting
  3901 | D:5      | Found a sparkling altar of Nemelex Xobeh.
  4083 | D:5      | Identified the +3 leather armour "Guosongu" {rN+ Str-4
                  | Dex+6}
  4313 | D:6      | Reached skill level 5 in Armour
  4313 | D:6      | Reached skill level 5 in Shields
  4313 | D:6      | Reached XP level 8. HP: 63/63 MP: 8/8
  4434 | D:6      | Found a hide-covered altar of Uskayaw.
  4548 | D:6      | Identified the +0 ring mail "Igil" {Will- Int+8 SInv}
  4568 | D:6      | Noticed a two-headed ogre
  4577 | D:6      | Killed a two-headed ogre
  4578 | D:6      | Reached skill level 6 in Fighting
  4578 | D:6      | Reached skill level 5 in Long Blades
  5521 | D:7      | Reached XP level 9. HP: 45/68 MP: 9/9
  5808 | D:7      | Noticed Prince Ribbit
  5821 | D:7      | Noticed Menkaure
  5829 | D:7      | Killed Prince Ribbit
  5832 | D:7      | Killed Menkaure
  5833 | D:7      | Reached skill level 7 in Fighting
  5944 | D:7      | Found a staircase to the Ecumenical Temple.
  6078 | D:7      | Found a broken altar of Ashenzari.
  6510 | Temple   | Entered the Ecumenical Temple
  7461 | D:8      | Reached XP level 10. HP: 73/79 MP: 10/10
  7537 | D:8      | Noticed a gargoyle
  7539 | D:8      | Noticed a deep elf pyromancer
  7539 | D:8      | Found the +3 greatsling "Punk" {acid, rCorr}
  7544 | D:8      | Killed a deep elf pyromancer
  7545 | D:8      | Reached skill level 8 in Fighting
  7547 | D:8      | Killed a gargoyle
  7643 | D:8      | Got the Reference Book on Ashes
  7645 | D:8      | Identified the ring "Oju Rona" {rF+ rN+}
  7647 | D:8      | Identified the +3 leather armour of Virtue {Stlth+}
  7655 | D:8      | Identified the +5 quarterstaff "Jicroiq" {freeze, rC++}
  7663 | D:8      | Got Sif Muna's Collected Works on the Band
  7857 | D:9      | Reached skill level 1 in Dodging
  8096 | D:9      | Found a radiant altar of Vehumet.
  8097 | D:9      | Found an iron altar of Okawaru.
  8098 | D:9      | Found a shimmering blue altar of Sif Muna.
  8098 | D:9      | Found a burning altar of Makhleb.
  8101 | D:9      | Found an opulent altar of Gozag.
  8101 | D:9      | Found a stormy altar of Qazlal.
  8103 | D:9      | Found a sacrificial altar of Ru.
  8122 | D:9      | Became a worshipper of Makhleb the Destroyer
  8496 | D:10     | Entered Level 10 of the Dungeon
  8557 | D:10     | Noticed Maggie
  8557 | D:10     | Noticed a two-headed ogre
  8565 | D:10     | Killed a two-headed ogre
  8576 | D:10     | Killed Maggie
  8646 | D:10     | Noticed Erolcha
  8663 | D:11     | Noticed a two-headed ogre
  8866 | D:11     | Killed a two-headed ogre
  8867 | D:11     | Reached skill level 9 in Fighting
  8867 | D:11     | Reached XP level 11. HP: 68/89 MP: 11/11
  8929 | D:11     | Noticed a boulder beetle
  8944 | D:11     | Killed a boulder beetle
  9163 | D:11     | Noticed a cyan ugly thing
  9165 | D:11     | Noticed a two-headed ogre
  9184 | D:11     | Killed a cyan ugly thing
  9193 | D:11     | Killed a two-headed ogre
 10188 | D:10     | Identified 2 scrolls of acquirement
 10420 | D:10     | Found a staircase to the Lair.
 10426 | D:10     | Reached * piety under Makhleb
 10547 | D:10     | Noticed a centaur warrior
 10556 | D:10     | Killed a centaur warrior
 10683 | D:10     | Killed Erolcha
 11041 | Lair:1   | Entered Level 1 of the Lair of Beasts
 11041 | Lair:1   | Noticed Fannar
 11063 | Lair:1   | Killed Fannar
 11064 | Lair:1   | Reached skill level 10 in Fighting
 11168 | Lair:1   | Noticed Harold
 11180 | Lair:1   | Killed Harold
 11181 | Lair:1   | Reached XP level 12. HP: 72/97 MP: 12/12
 11278 | Lair:1   | Noticed Joseph
 11288 | Lair:1   | Killed Joseph
 11298 | Lair:1   | Reached skill level 5 in Dodging
 11986 | Lair:1   | Noticed Grum
 11994 | Lair:1   | Killed Grum
 12788 | Lair:2   | Noticed a death yak
 12806 | Lair:2   | Killed a death yak
 12947 | Lair:2   | Reached ** piety under Makhleb
 12962 | Lair:2   | Reached skill level 10 in Armour
 12962 | Lair:2   | Reached skill level 10 in Shields
 13231 | Lair:2   | Reached skill level 11 in Fighting
 13990 | Lair:3   | Found a gate leading to a gauntlet.
 13998 | Gauntlet | Entered a Gauntlet
 13998 | Gauntlet | Found a transporter.
 14006 | Gauntlet | Found a transporter.
 14012 | Gauntlet | Noticed a catoblepas
 14014 | Gauntlet | Found a transporter.
 14016 | Gauntlet | Found a transporter.
 14029 | Gauntlet | Found a transporter.
 14040 | Gauntlet | Found a transporter.
 14044 | Gauntlet | Noticed a ghost crab
 14045 | Gauntlet | Found a transporter.
 14055 | Gauntlet | Noticed a quicksilver ooze
 14060 | Gauntlet | Found a transporter.
 14079 | Gauntlet | Found a transporter.
 14101 | Gauntlet | Found a transporter.
 14117 | Gauntlet | Found a large runed translucent door.
 14118 | Gauntlet | Found a large runed translucent door.
 14119 | Gauntlet | Found a large runed translucent door.
 14119 | Gauntlet | Found a large runed translucent door.
 14120 | Gauntlet | Found a runed translucent gate.
 14121 | Gauntlet | Found a transporter.
 14121 | Gauntlet | Found a runed translucent gate.
 14122 | Gauntlet | Found a runed translucent gate.
 14123 | Gauntlet | Found a large runed translucent door.
 14123 | Gauntlet | Found a large runed translucent door.
 14124 | Gauntlet | Found a large runed translucent door.
 14125 | Gauntlet | Found a large runed translucent door.
 14133 | Gauntlet | Found a transporter.
 14145 | Gauntlet | Found a transporter.
 14162 | Gauntlet | Found a transporter.
 14179 | Gauntlet | Found a transporter.
 14181 | Gauntlet | Found a transporter.
 14237 | Gauntlet | Found a transporter.
 14239 | Gauntlet | Found a large runed translucent door.
 14240 | Gauntlet | Found a large runed translucent door.
 14240 | Gauntlet | Found a large runed translucent door.
 14240 | Gauntlet | Found a large runed translucent door.
 14243 | Gauntlet | Found a transporter.
 14250 | Gauntlet | Killed a catoblepas
 14251 | Gauntlet | Reached XP level 13. HP: 81/106 MP: 13/13
 14258 | Gauntlet | Found a large runed translucent door.
 14258 | Gauntlet | Found a large runed translucent door.
 14258 | Gauntlet | Found a runed translucent door.
 14258 | Gauntlet | Found a runed translucent door.
 14260 | Gauntlet | Found a large runed translucent door.
 14261 | Gauntlet | Found a large runed translucent door.
 14337 | Gauntlet | Identified the ring "Hiuduessi" {Ice Int-2 Dex+3}
 14372 | Gauntlet | Reached skill level 10 in Long Blades
 14385 | Gauntlet | Identified the amulet "Ytzoyxups" {Acrobat Harm rC+}
 14621 | Gauntlet | Noticed a minotaur
 14625 | Gauntlet | Killed a minotaur
 14633 | Gauntlet | Identified the +2 leather armour of the Falcon {+Blink rF+
                  | Int+3 Dex+4}
 14634 | Gauntlet | Got the Parchment of Points and the Mesa
 14677 | Gauntlet | Identified the +4 dagger of Eye-covered Integrity {freeze,
                  | rElec Int+5}
 14761 | Lair:3   | Identified the amulet "Locs" {Harm Regen+ MP+9}
 15300 | Lair:3   | Found a staircase to the Swamp.
 15325 | Lair:3   | Reached *** piety under Makhleb
 15518 | Lair:3   | Found a staircase to the Snake Pit.
 15916 | Lair:4   | HP: 3/105 [15-headed hydra (7)]
 15916 | Lair:4   | Slain by a 15-headed hydra

Illustrated notes

Levels and vault maps discovered:
D:1:      dpeg_arrival_ratfight, layout_basic, minmay_unequal
D:2:      layout_loops_ring
D:3:      layout_loops_corners, chequers_ecumenical_altar_simple_redux,
          uniq_sigmund, uniq_crazy_yiuf_cottage, uniq_ijyb
D:4:      layout_cave_pools, minmay_bisected
D:5:      layout_rooms, mainiacjoe_overflow_cross_hatched, serial_bayou_lagoon_b
D:6:      layout_layer_cave, mainiacjoe_overflow_catwalk_spiral,
          grunt_tough_drop
D:7:      layout_basic, old_standard_altar, minmay_temple_entry_purple_smoke,
          grunt_ministairs_14, uniq_prince_ribbit1, uniq_menkaure
D:8:      minmay_the_grid_triangle_9x9_rhombus_thin
          [minmay_the_grid_triangle_9x9_swiss_cheese,
          minmay_the_grid_triangle_9x9_prize_insulated,
          minmay_the_grid_triangle_9x9_corrupted_corridor,
          minmay_the_grid_triangle_9x9_pentomino_pain], layout_loops_ring,
          nicolae_tso_swordbearing_angel
D:9:      layout_roguey, grunt_temple_overflow_open
D:10:     layout_stronghold, minmay_lair_entry_grove, serial_glass,
          glass_columns_b, glass_columns_b, glass_columns_a, glass_columns_a,
          glass_columns_a, glass_columns_a, glass_columns_a, glass_columns_a,
          glass_columns_a, glass_columns_a, glass_columns_a, glass_columns_b,
          glass_columns_a, glass_columns_a, feat_on_display, feat_on_display,
          item_on_display_a, minmay_strange_pillars, uniq_maggie, uniq_erolcha
D:11:     layout_irregular_city
D:12:     layout_loops_ring, orc_david_3
Temple:   cyrus_temple_forest
Lair:1:   layout_chaotic_city, uniq_fannar, uniq_joseph, uniq_grum, uniq_harold
Lair:2:   layout_regular_city, grunt_forest_large_clearing_hut,
          infiniplex_staircase_pool
Lair:3:   layout_concentric_octagons, nicolae_swamp_entry_spooky,
          nicolae_snake_entry_squirm, gauntlet_entry_generic,
          portal_ice_cave_rime, ldierk_geyser, lemuel_fruit_fields
Lair:4:   layout_regular_city, serial_bayou_ford_a, bobbens_dragon_lair_wall,
          grunt_megastairs_4, uniq_josephine

Skill      XL: |  1  2  3  4  5  6  7  8  9 10 11 12 13 |
---------------+----------------------------------------+-----
Long Blades    | 2 3 4 5 6 7 8 9 10 | 10.3
Armour         | 3 4 5 6 7 8 9 10 | 10.6
Shields        | 3 4 5 6 7 8 9 10 | 10.6
Fighting       | 4 5 6 7 9 10 11 | 11.5
Dodging        | 2 4 6 7 |  7.2

Action                     |  1- 3 |  4- 6 |  7- 9 | 10-12 | 13-15 || total
---------------------------+-------+-------+-------+-------+-------++-------
  Melee: Long sword        |   119 |    98 |   308 |   622 |   187 ||  1334
         Kick              |    19 |    32 |    92 |   150 |       ||   293
  Evoke: Wand              |       |       |       |     1 |     1 ||     2
         Lightning rod     |       |       |       |       |     5 ||     5
    Use: Potion            |       |     1 |       |     1 |       ||     2
         Scroll            |       |       |       |    13 |       ||    13
   Stab: Held in net/web   |       |       |       |     1 |       ||     1
 Armour: Scale mail        |    40 |    30 |    45 |       |       ||   115
         Ring mail         |       |       |   131 |     5 |       ||   136
         Plate armour      |       |       |       |   352 |   220 ||   572
  Dodge: Dodged            |    53 |    70 |   165 |   209 |    93 ||   590
  Block: Buckler           |    26 |    31 |    88 |   353 |    18 ||   516
         Reflection        |       |       |       |     8 |     3 ||    11
         Tower shield      |       |       |       |       |   222 ||   222

Table legend: (Time is in decaauts)
 A = Elapsed time spent in this place.
 B = Non-inter-level travel time spent in this place.
 C = Inter-level travel time spent in this place.
 D = Time resting spent in this place.
 E = Time spent auto-exploring this place.
 F = Levels seen in this place.
 G = Mean time per level.
                   A        B        C        D        E       F      G
               +--------+--------+--------+--------+--------+-----+--------+
         Total |  16051 |  15427 |    624 |   2338 |  10066 |  18 |  891.7 |
       Dungeon |  11090 |  10598 |    492 |   1612 |   7167 |  12 |  924.2 |
        Temple |     80 |     65 |     15 |      0 |      0 |   1 |   80.0 |
          Lair |   4197 |   4081 |    116 |    506 |   2783 |   4 | 1049.2 |
      Gauntlet |    683 |    683 |      0 |    220 |    115 |   1 |  683.0 |
               +--------+--------+--------+--------+--------+-----+--------+

Top non-repeatable levels by time:
    D:10: 1545 daAuts
  Lair:2: 1452 daAuts
  Lair:1: 1422 daAuts
     D:3: 1313 daAuts
  Lair:3: 1280 daAuts
     D:6: 1250 daAuts
     D:7: 1116 daAuts
     D:8: 1086 daAuts
     D:1: 970 daAuts
     D:2: 880 daAuts
    D:11: 816 daAuts
     D:9: 772 daAuts
Gauntlet: 683 daAuts
     D:5: 593 daAuts
     D:4: 559 daAuts
